 Dungeon Crawl Stone Soup version 0.26.1-11-gd32895ea62 (webtiles) character file.

Game seed: 5576568836596716770

54640 Elvor the Thaumaturge (level 14, 0/111 HPs)
             Began as a Gnoll Warper on July 14, 2021.
             Was the Champion of Okawaru.
             Slain by an eight-headed hydra (2 damage)
             ... while petrified by a basilisk
             ... on level 5 of the Lair of Beasts on July 15, 2021.
             The game lasted 03:33:07 (20955 turns).

Elvor the Thaumaturge (Gnoll Warper)               Turns: 20955, Time: 03:33:08

Health: 0/111      AC: 14    Str: 18    XL:     14   Next: 73%
Magic:  0/28       EV:  2    Int: 24    God:    Okawaru [******]
Gold:   931        SH:  0    Dex: 18    Spells: 15/34 levels left

rFire    + . .     SeeInvis +   e - +3 war axe (vamp)
rCold    + + .     Faith    .   I - +2 kite shield
rNeg     + + +     Spirit   +   J - +2 leather armour of Xeklomos {Dex+3}
rPois    ∞         Reflect  .   A - +2 helmet
rElec    .         Harm     .   Z - scarf {rC+ rF+}
rCorr    .         Rampage  .   m - +2 pair of gloves {archery}
Will     +....                  l - +0 pair of boots (curse)
Stlth    ++++......             r - amulet of guardian spirit
HPRegen  0.28/turn              B - ring of Free Expression {rC+ rN+ Int+2 SInv}
MPRegen  0.21/turn              p - +6 ring of intelligence

@: petrified
A: distributed training, fangs 1, strong nose
a: Renounce Religion, Heroism, Finesse


You were on level 5 of the Lair of Beasts.
You worshipped Okawaru.
Okawaru was exalted by your worship.
You visited 3 branches of the dungeon, and saw 18 of its levels.

You collected 1003 gold pieces.
You spent 72 gold pieces at shops.

Inventory:

Hand Weapons
 e - a +3 vampiric war axe (weapon)
 k - a +2 whip of freezing
 s - a +1 demon blade of pain
 w - a +4 eveningstar
 C - a +4 war axe of flaming
Missiles
 t - 14 boomerangs (quivered)
 E - 2 throwing nets
 K - 9 javelins
 T - 14 poisoned darts
 U - 8 silver javelins
Armour
 l - a cursed +0 pair of boots (worn)
 m - a +2 pair of gloves of archery (worn)
 A - a +2 helmet (worn)
 I - a +2 kite shield (worn)
 J - the +2 leather armour of Xeklomos (worn) {Dex+3}
   (You found it on level 6 of the Dungeon)

   It affects your dexterity (+3).
 O - a +3 scale mail of willpower
 V - the +10 crystal plate armour "Baojeh" {rN++ Will++ Dex-2}
   (Okawaru gifted it to you on level 3 of the Lair of Beasts)

   It affects your dexterity (-2).
   It greatly protects you from negative energy.
   It affects your willpower, your defense against some magical effects.
 Z - a scarf of resistance (worn)
Jewellery
 p - a +6 ring of intelligence (right hand)
 r - an amulet of guardian spirit (around neck)
 v - an uncursed ring of wizardry
 B - the ring of Free Expression (left hand) {rC+ rN+ Int+2 SInv}
   (You took it off Erolcha on level 9 of the Dungeon)

   [ring of see invisible]

   It affects your intelligence (+2).
   It protects you from cold.
   It protects you from negative energy.
   It lets you see invisible.
 F - an uncursed amulet of faith {unknown}
Wands
 u - a wand of paralysis (6)
 G - a wand of enslavement (7)
 P - a wand of flame (13)
Scrolls
 a - a scroll of acquirement
 c - a scroll of vulnerability
 f - 7 scrolls of teleportation
 j - 6 scrolls of remove curse
 n - a scroll of blinking
 x - 3 scrolls of fear
 y - a scroll of random uselessness {unknown}
 L - 2 scrolls of fog
 R - 2 scrolls of enchant armour
 W - 4 scrolls of magic mapping
 X - a scroll of summoning {unknown}
 Y - 3 scrolls of immolation
Potions
 b - 3 potions of curing
 d - 2 potions of flight
 g - 2 potions of magic
 h - 2 potions of lignification
 i - a potion of mutation {unknown}
 o - 2 potions of might
 q - 6 potions of haste
 z - 5 potions of invisibility
 D - a potion of berserk rage {unknown}
 H - a potion of brilliance {unknown}
 M - 2 potions of cancellation
 Q - a potion of ambrosia {unknown}
 S - 2 potions of resistance
Miscellaneous
 N - a box of beasts


   Skills:
 + Level 10.5 Fighting
 + Level 9.4 Short Blades
 + Level 9.4 Long Blades
 + Level 9.4 Axes
 + Level 10.5 Maces & Flails
 + Level 9.4 Polearms
 + Level 9.4 Staves
 + Level 9.4 Slings
 + Level 9.4 Bows
 + Level 9.4 Crossbows
 + Level 9.8 Throwing
 + Level 9.8 Armour
 + Level 10.5 Dodging
 + Level 9.4 Stealth
 + Level 9.4 Shields
 + Level 9.4 Unarmed Combat
 + Level 10.6 Spellcasting
 + Level 7.9 Conjurations
 + Level 7.9 Hexes
 + Level 7.9 Summonings
 + Level 7.9 Necromancy
 + Level 9.7 Translocations
 + Level 7.9 Transmutations
 + Level 7.9 Fire Magic
 + Level 7.9 Ice Magic
 + Level 7.9 Air Magic
 + Level 7.9 Earth Magic
 + Level 7.9 Poison Magic
 + Level 10.3 Invocations
 + Level 9.4 Evocations


You had 15 spell levels left.
You knew the following spells:

 Your Spells              Type           Power        Failure   Level
a - Blink                 Tloc           N/A          1%          2
b - Passage of Golubria   Tloc           N/A          2%          4
c - Iron Shot             Conj/Erth      25%          56%         6
d - Mephitic Cloud        Conj/Pois/Air  50%          1%          3
e - Petrify               Tmut/Erth      50%          4%          4

Your spell library contained the following spells:

 Spells                   Type           Power        Failure   Level
 Corona                   Hex            55%          1%          1
 Ensorcelled Hibernation  Hex/Ice        100%         1%          2
 Poisonous Vapours        Pois/Air       100%         1%          2
 Confusing Touch          Hex            50%          1%          3
 Conjure Flame            Conj/Fire      50%          1%          3
 Dazzling Flash           Conj/Hex       100%         1%          3
 Gell's Gravitas          Tloc           28%          1%          3
 Lesser Beckoning         Tloc           28%          1%          3
 Teleport Other           Tloc           56%          1%          3
 Tukima's Dance           Hex            50%          1%          3
 Bolt of Magma            Conj/Fire/Erth 25%          12%         5
 Iskenderun's Battlesphe  Conj           50%          12%         5
 Metabolic Englaciation   Hex/Ice        25%          12%         5
 Yara's Violent Unravell  Hex/Tmut       25%          12%         5
 Freezing Cloud           Conj/Ice/Air   25%          56%         6
 Orb of Destruction       Conj           25%          98%         7
 Spellforged Servitor     Conj/Summ      25%          98%         7


Dungeon Overview and Level Annotations

Branches:
Dungeon (11/15)            Temple (1/1) D:5            Lair (6/6) D:11
  Swamp (0/4) Lair:3       Spider (0/4) Lair:3        Slime (0/5) Lair:5
    Orc (0/2) D:9

Altars:
Ashenzari
Cheibriados
Dithmenos
Elyvilon
Fedhas
Gozag
Hepliaklqana
Kikubaaqudgha
Makhleb
Nemelex Xobeh
Okawaru
Qazlal
Ru
Sif Muna
Trog
Uskayaw
Vehumet
Wu Jian
Xom
Yredelemnul
Zin
The Shining One
Jiyva

Shops:
D:11 *


Innate Abilities, Weirdness & Mutations

Your experience applies equally to all skills.
You have very sharp teeth.
Your uncanny sense of smell can sniff out nearby items.


Message History

The eight-headed hydra bites you!
* * * LOW HITPOINT WARNING * * *
The eight-headed hydra bites you but does no damage.
The hell rat bites you!
* * * LOW HITPOINT WARNING * * *
The basilisk bites you.
* * * LOW HITPOINT WARNING * * *
The basilisk bites you!
* * * LOW HITPOINT WARNING * * *
The hell rat bites you.
The eight-headed hydra bites you but does no damage.
The eight-headed hydra bites you.
* * * LOW HITPOINT WARNING * * *
The eight-headed hydra bites you!
* * * LOW HITPOINT WARNING * * *
The eight-headed hydra bites you. x2; The eight-headed hydra bites you!
* * * LOW HITPOINT WARNING * * *
The eight-headed hydra bites you but does no damage.
The eight-headed hydra bites you.
You die...

########### ####
###.........###..P
#.................
##.................
#..................
#Dr................
##l@................
#...l.......[.......
###.................
#..................
##.................
#.................
##P......##........
#.........#........
##..........#......


You could see an eight-headed hydra, 2 basilisks and a hell rat.

Vanquished Creatures
  Gastronok (D:9)
  A fire dragon (D:11)
  Erolcha (D:9)
  Harold (Lair:1)
  12 hydras
  A catoblepas (Lair:4)
  The ghost of Quickbrownfox the Carver, a novice MiFi of Cheibriados (D:10)
  8 death yaks
  Urug (Lair:2)
  A deep elf knight (D:8)
  A lindwurm (Lair:1)
  Pikel (D:3)
  An ugly thing (D:10)
  5 oklob plants
  6 elephants (Lair:5)
  7 black mambas
  A centaur zombie (D:10)
  Psyche (D:8)
  10 cane toads
  10 komodo dragons
  4 kobold demonologists
  5 rime drakes
  3 meliai (D:11)
  5 tyrant leeches
  A hornet (D:8)
  2 polar bears
  13 blink frogs
  3 spriggans (D:10)
  A meliai zombie (D:11)
  2 vampires (D:11)
  A wraith (D:11)
  7 wyverns
  3 basilisks
  41 yaks
  Edmund (D:6)
  15 water moccasins
  A hell hound (Lair:6)
  3 orc warriors
  4 ice beasts
  A black bear (D:11)
  A phantom (D:9)
  3 sky beasts
  5 wolves
  3 ogres
  3 centaurs
  A lemure (D:4)
  5 big kobolds
  16 bullfrogs
  A wyvern zombie (D:9)
  A water moccasin zombie (D:8)
  4 scorpions
  3 killer bees (D:9)
  2 howler monkeys
  2 quasits
  A bullfrog zombie (D:9)
  3 hounds (D:8)
  3 jellies
  11 orc priests
  8 orc wizards
  A centaur skeleton (D:11)
  8 worker ants
  7 iguanas
  2 hell rats (Lair:6)
  A hound skeleton (D:8)
  2 worker ant zombies (D:10)
  Robin (D:4)
  10 gnolls
  A howler monkey skeleton (D:5)
  12 adders
  3 shadow imps (D:8)
  3 white imps
  3 ufetubi (D:5)
  2 oozes (Lair:5)
  An adder zombie (D:10)
  3 adder skeletons
  3 worms
  3 dart slugs
  6 leopard geckos
  22 orcs
  11 bats
  4 giant cockroaches
  15 goblins
  12 hobgoblins
  14 jackals
  19 kobolds
  4 quokkas
  4 frilled lizards
  A jackal skeleton (D:5)
  A leopard gecko zombie (D:5)
  A quokka zombie (D:5)
  2 rats
445 creatures vanquished.

Vanquished Creatures (collateral kills)
  An orc priest (D:8)
  An orc wizard (D:8)
2 creatures vanquished.

Vanquished Creatures (others)
  A wyvern (Lair:6)
  23 fungi
  49 plants
73 creatures vanquished.

Grand Total: 520 creatures vanquished

Notes
Turn   | Place    | Note
-------+----------+-------------------------------------------
     0 | D:1      | Elvor the Gnoll Warper began the quest for the Orb.
     0 | D:1      | Reached XP level 1. HP: 20/20 MP: 6/6
   114 | D:1      | Reached XP level 2. HP: 23/26 MP: 7/7
   117 | D:1      | Learned a level 2 spell: Blink
   469 | D:1      | Reached XP level 3. HP: 21/31 MP: 9/9
   536 | D:1      | Reached skill level 5 in Spellcasting
  1039 | D:2      | Reached skill level 1 in Invocations
  1263 | D:2      | Reached skill level 1 in Short Blades
  1263 | D:2      | Reached skill level 1 in Long Blades
  1263 | D:2      | Reached skill level 1 in Axes
  1263 | D:2      | Reached skill level 1 in Polearms
  1263 | D:2      | Reached skill level 1 in Staves
  1263 | D:2      | Reached skill level 1 in Slings
  1263 | D:2      | Reached skill level 1 in Bows
  1263 | D:2      | Reached skill level 1 in Crossbows
  1263 | D:2      | Reached skill level 1 in Stealth
  1263 | D:2      | Reached skill level 1 in Shields
  1263 | D:2      | Reached skill level 1 in Unarmed Combat
  1263 | D:2      | Reached skill level 1 in Evocations
  1507 | D:2      | Reached XP level 4. HP: 27/38 MP: 6/11
  1512 | D:2      | Learned a level 4 spell: Passage of Golubria
  1562 | D:3      | Reached skill level 1 in Conjurations
  1562 | D:3      | Reached skill level 1 in Hexes
  1562 | D:3      | Reached skill level 1 in Summonings
  1562 | D:3      | Reached skill level 1 in Necromancy
  1562 | D:3      | Reached skill level 1 in Transmutations
  1562 | D:3      | Reached skill level 1 in Fire Magic
  1562 | D:3      | Reached skill level 1 in Ice Magic
  1562 | D:3      | Reached skill level 1 in Air Magic
  1562 | D:3      | Reached skill level 1 in Earth Magic
  1562 | D:3      | Reached skill level 1 in Poison Magic
  2061 | D:3      | Reached XP level 5. HP: 42/43 MP: 10/12
  2507 | D:3      | Reached XP level 6. HP: 48/50 MP: 13/13
  2589 | D:4      | Reached skill level 5 in Fighting
  2589 | D:4      | Reached skill level 5 in Maces & Flails
  2589 | D:4      | Reached skill level 5 in Dodging
  2704 | D:4      | Noticed Pikel
  2793 | D:3      | HP: 2/51 [Pikel/+2 whip of freezing (2)]
  2798 | D:3      | Killed Pikel
  2799 | D:3      | Reached XP level 7. HP: 3/56 MP: 1/15
  3241 | D:4      | Noticed Robin
  3265 | D:4      | Killed Robin
  3266 | D:4      | Reached XP level 8. HP: 41/63 MP: 13/16
  3445 | D:4      | Found a bloodstained altar of Trog.
  3508 | D:5      | Entered Level 5 of the Dungeon
  3540 | D:5      | Found a staircase to the Ecumenical Temple.
  3549 | Temple   | Entered the Ecumenical Temple
  3650 | Temple   | Became a worshipper of Warmaster Okawaru
  3943 | D:5      | Found an ornate altar of the Wu Jian Council.
  4832 | D:6      | Got an ichor-stained leather armour
  4843 | D:6      | Identified the +2 leather armour of Xeklomos {Dex+3} (You
                  | found it on level 6 of the Dungeon)
  4864 | D:6      | Noticed Edmund
  4892 | D:6      | Killed Edmund
  4892 | D:6      | Reached * piety under Okawaru
  4893 | D:6      | Reached XP level 9. HP: 57/69 MP: 14/18
  4917 | D:6      | Learned a level 6 spell: Iron Shot
  4964 | D:6      | Found a sacrificial altar of Ru.
  5949 | D:7      | Found a sacrificial altar of Ru.
  6155 | D:8      | Found a sparkling altar of Nemelex Xobeh.
  6157 | D:8      | Found a shimmering altar of Xom.
  6235 | D:8      | Found a burning altar of Makhleb.
  6235 | D:8      | Found an ancient bone altar of Kikubaaqudgha.
  6237 | D:8      | Found a glowing golden altar of the Shining One.
  6347 | D:8      | Noticed Psyche
  6355 | D:8      | Killed Psyche
  6356 | D:8      | Reached skill level 5 in Throwing
  6356 | D:8      | Reached skill level 5 in Armour
  6382 | D:8      | Reached ** piety under Okawaru
  6538 | D:8      | Noticed a hornet
  6615 | D:8      | Killed a hornet
  6616 | D:8      | Reached skill level 5 in Invocations
  6666 | D:8      | Found a transporter.
  6668 | D:8      | Noticed a kobold demonologist
  6668 | D:8      | Noticed a kobold demonologist
  6680 | D:8      | Found a transporter.
  6687 | D:8      | Noticed a deep elf knight
  6880 | D:8      | Found a snail-covered altar of Cheibriados.
  6881 | D:8      | Found a white marble altar of Elyvilon.
  6882 | D:8      | Found a glowing silver altar of Zin.
  6995 | D:8      | Learned a level 3 spell: Mephitic Cloud
  7049 | D:8      | Reached *** piety under Okawaru
  7388 | D:9      | Reached XP level 10. HP: 70/77 MP: 18/20
  7562 | D:9      | Noticed Gastronok
  7588 | D:9      | Identified the ring of Free Expression {rC+ rN+ Int+2 SInv}
  7588 | D:9      | Noticed Erolcha
  7590 | D:9      | Reached skill level 5 in Short Blades
  7590 | D:9      | Reached skill level 5 in Long Blades
  7590 | D:9      | Reached skill level 5 in Axes
  7590 | D:9      | Reached skill level 5 in Polearms
  7590 | D:9      | Reached skill level 5 in Staves
  7590 | D:9      | Reached skill level 5 in Slings
  7590 | D:9      | Reached skill level 5 in Bows
  7590 | D:9      | Reached skill level 5 in Crossbows
  7590 | D:9      | Reached skill level 5 in Stealth
  7590 | D:9      | Reached skill level 5 in Shields
  7590 | D:9      | Reached skill level 5 in Unarmed Combat
  7590 | D:9      | Reached skill level 5 in Evocations
  8142 | D:9      | Found a staircase to the Orcish Mines.
  8231 | D:9      | Reached **** piety under Okawaru
  8562 | D:9      | Killed Erolcha
  8984 | D:9      | Killed Gastronok
  8984 | D:9      | Received a gift from Okawaru
  8984 | D:9      | Reached ***** piety under Okawaru
  8984 | D:9      | Received a gift from Okawaru
  8984 | D:9      | Received a gift from Okawaru
  8985 | D:9      | Reached XP level 11. HP: 60/84 MP: 14/22
  9052 | D:10     | Entered Level 10 of the Dungeon
  9168 | D:10     | Reached skill level 5 in Conjurations
  9168 | D:10     | Reached skill level 5 in Hexes
  9168 | D:10     | Reached skill level 5 in Summonings
  9168 | D:10     | Reached skill level 5 in Necromancy
  9168 | D:10     | Reached skill level 5 in Transmutations
  9168 | D:10     | Reached skill level 5 in Fire Magic
  9168 | D:10     | Reached skill level 5 in Ice Magic
  9168 | D:10     | Reached skill level 5 in Air Magic
  9168 | D:10     | Reached skill level 5 in Earth Magic
  9168 | D:10     | Reached skill level 5 in Poison Magic
  9210 | D:10     | Noticed a green ugly thing
  9477 | D:10     | Killed a green ugly thing
  9477 | D:10     | Received a gift from Okawaru
  9654 | D:10     | Found a runed translucent door.
  9657 | D:10     | Noticed Quickbrownfox's ghost (novice MiFi)
  9661 | D:10     | Identified the +5 trident of Makhleb's Reproof {freeze,
                  | rPois rF- Str-5 Dex+5}
 10702 | D:11     | Noticed a fire dragon
 10703 | D:11     | Found a staircase to the Lair.
 10724 | D:11     | Killed a fire dragon
 10724 | D:11     | Received a gift from Okawaru
 10932 | D:11     | Reached XP level 12. HP: 87/94 MP: 24/24
 11021 | D:11     | Found Vesin's Assorted Antiques.
 11024 | D:11     | Bought a scroll of identify for 50 gold pieces
 11024 | D:11     | Bought a viscous golden potion for 22 gold pieces
 12164 | D:8      | Killed a deep elf knight
 12164 | D:8      | Received a gift from Okawaru
 12394 | D:10     | Killed Quickbrownfox's ghost
 12922 | Lair:1   | Entered Level 1 of the Lair of Beasts
 12932 | Lair:1   | Learned a level 4 spell: Petrify
 12998 | Lair:1   | Noticed a four-headed hydra
 13006 | Lair:1   | Killed a one-headed hydra
 13021 | Lair:1   | Received a gift from Okawaru
 13053 | Lair:1   | Noticed a four-headed hydra
 13062 | Lair:1   | Killed a two-headed hydra
 13118 | Lair:1   | Reached ****** piety under Okawaru
 13231 | Lair:1   | Noticed a seven-headed hydra
 13420 | Lair:1   | Killed a ten-headed hydra
 13514 | Lair:1   | Noticed Harold
 13585 | Lair:1   | Killed Harold
 13585 | Lair:1   | Received a gift from Okawaru
 13771 | Lair:1   | Reached XP level 13. HP: 29/101 MP: 6/26
 14926 | Lair:2   | Noticed Urug
 14945 | Lair:2   | Killed Urug
 15213 | Lair:2   | Received a gift from Okawaru
 15434 | Lair:2   | Received a gift from Okawaru
 16262 | Lair:3   | Received a gift from Okawaru
 16294 | Lair:3   | Found a hole to the Spider Nest.
 16489 | Lair:3   | Received a gift from Okawaru
 16498 | Lair:3   | Received a gift from Okawaru
 16501 | Lair:3   | Got an aquamarine-encrusted crystal plate armour {god gift}
 16520 | Lair:3   | Reached skill level 10 in Spellcasting
 16549 | Lair:2   | Identified the +10 crystal plate armour "Baojeh" {rN++
                  | Will++ Dex-2} (Okawaru gifted it to you on level 3 of the
                  | Lair of Beasts)
 17231 | Lair:3   | Found a staircase to the Swamp.
 17759 | Lair:3   | Reached XP level 14. HP: 67/109 MP: 19/28
 18203 | Lair:3   | Reached skill level 10 in Fighting
 18203 | Lair:3   | Reached skill level 10 in Maces & Flails
 18203 | Lair:3   | Reached skill level 10 in Dodging
 20125 | Lair:5   | Received a gift from Okawaru
 20126 | Lair:5   | Reached skill level 10 in Invocations
 20370 | Lair:5   | Received a gift from Okawaru
 20537 | Lair:5   | Found a runed translucent door.
 20540 | Lair:5   | Found a viscous altar of Jiyva.
 20544 | Lair:5   | Found a staircase to the Slime Pits.
 20692 | Lair:5   | Identified a scroll of acquirement
 20905 | Lair:6   | Entered Level 6 of the Lair of Beasts
 20955 | Lair:5   | HP: 2/111 [eight-headed hydra (5)]
 20955 | Lair:5   | Slain by an eight-headed hydra

Illustrated notes

Levels and vault maps discovered:
D:1:      moated_graveyard_arrival, layout_loops_ring,
          chequers_serial_rivers_micro_d, minmay_tripent
D:2:      layout_basic
D:3:      layout_rooms
D:4:      layout_rooms, marbit_many_paths, uniq_pikel, uniq_robin
D:5:      layout_basic, old_standard_altar, lemuel_temple_firewalk_b
D:6:      layout_basic, lemuel_crystal_altar, skrybe_limestone_x, uniq_edmund
D:7:      layout_basic, nicolae_ru_path_of_blood
D:8:      gammafunk_wand_slinger, layout_basic, nicolae_overflow_hidden_temple,
          chequers_temple_overflow_statue_of_worship, uniq_psyche
D:9:      layout_loops_ring, orc_0_dummy, minmay_increasing_density,
          uniq_erolcha, uniq_gastronok
D:10:     layout_gridville, ebering_ghost_funeral_grove
D:11:     layout_loops_cross, minmay_lair_entry_lava, serial_shops,
          kennysheep_mini
Temple:   minmay_temple_curvy_loop
Lair:1:   layout_concentric_octagons, st_stairs_4,
          cheibrodos_lair_caveside_slide, grunt_megastairs_3, uniq_harold
Lair:2:   layout_roguey, lemuel_fruit_fields, uniq_urug
Lair:3:   minmay_lair_oklob_tunnel, layout_regular_city,
          minmay_swamp_entry_worms, spider_nest_entry_web_field, minmay_holes
Lair:4:   layout_cave_pods, serial_bayou_crossing
Lair:5:   cheibrodos_lair_river_kwai, layout_cave_shapes, slime_altar_2,
          minivault_24, grunt_megastairs_1
Lair:6:   grunt_lair_end_beastmaster, layout_hall_layers, special_room
          [special_room_mythical_zoo], serial_bayou_shore_a, lemuel_fruit_tree

Skill      XL: |  1  2  3  4  5  6  7  8  9 10 11 12 13 14 |
---------------+-------------------------------------------+-----
Spellcasting   | 5 6 7 8 9 10 | 10.6
Invocations    | 1 2 3 4 5 6 7 8 9 10 | 10.3
Short Blades   | 1 2 3 4 5 6 7 8 9 |  9.4
Long Blades    | 1 2 3 4 5 6 7 8 9 |  9.4
Axes           | 1 2 3 4 5 6 7 8 9 |  9.4
Polearms       | 1 2 3 4 5 6 7 8 9 |  9.4
Staves         | 1 2 3 4 5 6 7 8 9 |  9.4
Slings         | 1 2 3 4 5 6 7 8 9 |  9.4
Bows           | 1 2 3 4 5 6 7 8 9 |  9.4
Crossbows      | 1 2 3 4 5 6 7 8 9 |  9.4
Stealth        | 1 2 3 4 5 6 7 8 9 |  9.4
Shields        | 1 2 3 4 5 6 7 8 9 |  9.4
Unarmed Combat | 1 2 3 4 5 6 7 8 9 |  9.4
Evocations     | 1 2 3 4 5 6 7 8 9 |  9.4
Conjurations   | 1 2 3 4 5 6 7 |  7.9
Hexes          | 1 2 3 4 5 6 7 |  7.9
Summonings     | 1 2 3 4 5 6 7 |  7.9
Necromancy     | 1 2 3 4 5 6 7 |  7.9
Transmutations | 1 2 3 4 5 6 7 |  7.9
Fire Magic     | 1 2 3 4 5 6 7 |  7.9
Ice Magic      | 1 2 3 4 5 6 7 |  7.9
Air Magic      | 1 2 3 4 5 6 7 |  7.9
Earth Magic    | 1 2 3 4 5 6 7 |  7.9
Poison Magic   | 1 2 3 4 5 6 7 |  7.9
Throwing       | 3 4 5 6 7 8 9 |  9.8
Armour         | 3 4 5 6 7 8 9 |  9.8
Fighting       | 5 6 7 8 9 10 | 10.5
Maces & Flails | 5 6 7 8 9 10 | 10.5
Dodging        | 5 6 7 8 9 10 | 10.5
Translocations | 6 7 8 9 |  9.7

Action                   |  1- 3 |  4- 6 |  7- 9 | 10-12 | 13-15 || total
-------------------------+-------+-------+-------+-------+-------++-------
Melee: Mace              |    91 |       |       |       |       ||    91
       Bite              |    12 |     7 |    58 |   100 |   111 ||   288
       Whip              |    33 |   129 |   400 |   449 |       ||  1011
       War axe           |       |       |    21 |   177 |   626 ||   824
Throw: Stone             |    18 |    26 |       |       |       ||    44
       Dart              |       |    19 |    31 |    39 |    43 ||   132
       Boomerang         |       |    16 |    14 |   132 |   270 ||   432
       Throwing net      |       |       |       |     1 |     1 ||     2
 Cast: Blink             |       |     6 |       |    14 |     8 ||    28
       Mephitic Cloud    |       |       |       |     9 |     2 ||    11
Invok: Heroism           |       |       |       |     5 |    10 ||    15
       Finesse           |       |       |       |     2 |     5 ||     7
Evoke: Wand              |       |       |    37 |    85 |     9 ||   131
       Phial of floods   |       |       |       |     1 |       ||     1
  Use: Scroll            |       |     1 |     6 |     8 |    11 ||    26
       Potion            |       |     5 |       |     5 |     1 ||    11
 Stab: Sleeping          |       |     1 |     6 |     3 |     1 ||    11
       Distracted        |       |     1 |       |     1 |       ||     2
       Paralysed         |       |       |     4 |     3 |       ||     7
       Confused          |       |       |       |     1 |     3 ||     4
Armor: Leather armour    |    34 |    22 |    43 |    95 |   101 ||   295
       Robe              |       |       |    40 |       |       ||    40
       Crystal plate arm |       |       |       |       |     7 ||     7
Dodge: Dodged            |   106 |    61 |   232 |   400 |   323 ||  1122
Block: Buckler           |       |    17 |    73 |   177 |     1 ||   268
       Kite shield       |       |       |       |       |   387 ||   387
